[Event "Titled Tuesday Blitz May 24 Late 2022"]
[White "Romanchuk, Viktor"]
[Black "Riehle, Marco"]
[WhiteFideId "14109271"]
[BlackFideId "12904392"]
[WhiteElo "2242"]
[BlackElo "2462"]
[Result "1/2-1/2"]
[Round "06"]
[TimeControl "180+1"]
[Date "2022.05.24"]
[WhiteClock "0:00:12"]
[BlackClock "0:00:25"]

1. d4 d5 2. c4 e6 3. Nc3 c5 4. cxd5 cxd4 5. Qa4+ Bd7 6. Qxd4 exd5 7. Qxd5 Nf6 8. Qd1 Nc6 9. Nf3 Bc5 10. e3 Qe7 11. Be2 O-O-O 12. O-O g5 13. Nd4 g4 14. b4 Bxb4 15. Qb3 Kb8 16. Rb1 a5 17. a3 Nxd4 18. exd4 Be6 19. Qb2 Bxc3 20. Qxc3 Nd5 21. Qxa5 Qc7 22. Qxc7+ Kxc7 23. Bb2 Kd6 24. Rfc1 Rc8 25. g3 h5 26. Rxc8 Rxc8 27. Rc1 Ra8 28. Bd3 f5 29. Bc4 f4 30. Bxd5 Bxd5 31. gxf4 Rf8 32. Rc3 Rxf4 33. h3 Re4 34. Re3 Rf4 35. Bc3 Bf3 36. Bb4+ Kd5 37. Re5+ Kxd4 38. Rxh5 Re4 39. hxg4 Rxg4+ 40. Kf1 Bg2+ 41. Ke1 Re4+ 42. Kd2 Bf3 43. Rh3 Re2+ 44. Kc1 Rxf2 45. Rh4+ Kd3 46. Rh7 Rc2+ 47. Kb1 Re2 48. Rd7+ Kc4 49. Rd2 Re8 50. Kb2 Bc6 51. Rc2+ Kd5 52. Rd2+ Kc4 53. Rc2+ Kb5 54. Rc5+ Ka6 55. Ra5+ Kb6 56. Rc5 Re2+ 57. Rc2 Re4 58. Bc5+ Ka6 59. Bb4 Ba4 60. Rd2 b6 61. Rf2 Rh4 62. Rd2 Rh1 63. Rf2 Bc6 64. Rd2 Be4 65. Re2 Bd3 66. Rd2 Rh3 67. Rf2 Kb5 68. Rd2 Kc4 69. Rf2 Kb5 70. Rd2 Rf3 71. Rh2 Re3 72. Rh5+ Kc4 73. Rh4+ Be4 74. Rh2 Rb3+ 75. Ka2 Rf3 76. Kb2 Re3 77. Rd2 Bd5 78. Rc2+ Kd4 79. Rd2+ Ke4 80. Rh2 Kd3 81. Rd2+ Kc4 82. Rc2+ Kb5 83. Rd2 Rb3+ 84. Kc2 Bc4 85. Rf2 Rh3 86. Rd2 Ka4 87. Kb2 Rb3+ 88. Kc2 Rh3 89. Kb2 Rh1 90. Kc2 Ra1 91. Kb2 Rf1 92. Kc2 Be6 93. Kb2 Bf5 94. Re2 Rb1+ 95. Kc3 Rb3+ 96. Kd4 Rd3+ 97. Ke5 Bc8 98. Rd2 Rh3 99. Kd6 Kb5 100. Rd5+ Ka6 101. Rd2 Rh8 102. Ke5 Rh4 103. Kf6 Kb5 104. Ke5 Bb7 105. Kf6 Re4 106. Kf5 Re8 107. Kf6 Re3 108. Kf5 Kc6 109. Kf6 b5 110. Rd6+ Kc7 111. Rd2 Bc6 112. Bd6+ Kb7 113. Bb4 Re4 114. Kf5 Re8 115. Kf6 Kc7 116. Bd6+ Kb6 117. Bb4 Re3 118. Kf7 Be4 119. Kf6 Kc6 120. Kg5 Bd5 121. Kf4 Re4+ 122. Kf5 Rc4 123. Rd1 Be4+ 124. Ke5 Bc2 125. Rd6+ Kb7 126. Rd4 Rc8 127. Rd7+ Kc6 128. Rd6+ Kc7 129. Rd5 Re8+ 130. Kd4 Ba4 131. Rc5+ Kb7 132. Re5 Rh8 133. Re7+ Kc6 134. Re6+ Kd7 135. Rd6+ Kc7 136. Rf6 Rh4+ 137. Kc5 Rc4+ 138. Kd5 Bb3 139. Rf7+ Kc8 140. Kd6 Rd4+ 141. Kc5 Rd5+ 142. Kc6 Rd8 143. Rc7+ Kb8 144. Rb7+ Kc8 145. Rc7+ Kb8 146. Rb7+ Ka8 147. Rd7 Rxd7 148. Kxd7 Kb7 149. Kd6 Ba4 150. Ke5 Ka6 151. Kd6 Kb7 152. Ke5 Ka6 153. Kd6 Kb7 1/2-1/2


[Site "https://www.chess.com"]

[Event "Titled Tuesday Blitz May 24 Late 2022"]
[White "Roque Sola, Gisela"]
[Black "Galiana Fernandez, Adrian"]
[WhiteFideId "5120241"]
[BlackFideId "32010150"]
[WhiteElo "1863"]
[BlackElo "2133"]
[Result "1/2-1/2"]
[Round "06"]
[TimeControl "180+1"]
[Date "2022.05.25"]
[WhiteClock "0:00:08"]
[BlackClock "0:00:13"]

1. e4 b6 2. Nc3 c5 3. Nf3 Bb7 4. d4 cxd4 5. Nxd4 Nc6 6. Be3 Nf6 7. Bc4 e6 8. O-O Bb4 9. f3 O-O 10. Nce2 d5 11. exd5 Nxd5 12. Bf2 Rc8 13. Bb3 Qg5 14. c3 Bc5 15. Bxd5 Qxd5 16. Nf4 Qc4 17. Qe2 Ba6 18. Qxc4 Bxc4 19. Rfe1 Bd6 20. Nxc6 Rxc6 21. Ne2 Rd8 22. Nd4 Rcc8 23. b3 Bd3 24. Rad1 Rxc3 25. Re3 Bc5 26. Rexd3 Rxd3 27. Rxd3 e5 28. b4 Bxd4 29. Bxd4 Rxd4 30. Rxd4 exd4 31. Kf2 Kf8 32. Ke2 Ke7 33. Kd3 Kd6 34. Kxd4 f5 35. a4 a6 36. f4 g6 37. g3 a5 38. b5 Ke6 39. Kc4 Kd6 40. Kd4 h6 41. h3 g5 42. Kc4 g4 43. h4 Ke6 44. Kd4 Kd6 45. Kc4 h5 46. Kd4 Ke6 47. Kc4 Kd6 48. Kd4 Ke6 49. Kc4 Kd6 1/2-1/2


[Site "https://www.chess.com"]

[Event "Titled Tuesday Blitz May 24 Late 2022"]
[White "Roque Sola, Jose Luis"]
[Black "Miszler, Levente"]
[WhiteFideId "5120390"]
[BlackFideId "763276"]
[WhiteElo "1983"]
[BlackElo "1966"]
[Result "1/2-1/2"]
[Round "06"]
[TimeControl "180+1"]
[Date "2022.05.25"]
[WhiteClock "0:00:10"]
[BlackClock "0:00:27"]

1. c4 e5 2. Nc3 Nc6 3. Nf3 g6 4. g3 Bg7 5. Bg2 Nf6 6. O-O O-O 7. Rb1 a5 8. a3 d6 9. b4 axb4 10. axb4 e4 11. Ng5 Re8 12. Ngxe4 Bf5 13. Nxf6+ Bxf6 14. e4 Bxc3 15. exf5 Bg7 16. fxg6 hxg6 17. Bb2 Bxb2 18. Rxb2 Qf6 19. Qc1 Nd4 20. Kh1 c6 21. Qc3 Re6 22. Rbb1 Rae8 23. b5 Re2 24. bxc6 bxc6 25. Bxc6 Rxf2 26. Rxf2 Qxf2 27. Bxe8 Nf3 28. Bxf7+ Kh7 29. Bxg6+ Kxg6 30. Qd3+ Kh5 31. Qf5+ Kh6 32. Qf4+ Kg6 33. Qe4+ Kf6 34. Qf4+ Kg6 35. Qe4+ Kf6 36. Qf4+ Kg6 1/2-1/2


[Site "https://www.chess.com"]

[Event "Titled Tuesday Blitz May 24 Late 2022"]
[White "Roux, Baptiste"]
[Black "Riff, Vincent"]
[WhiteFideId "36017450"]
[BlackFideId "617776"]
[WhiteElo "2471"]
[BlackElo "2659"]
[Result "0-1"]
[Round "06"]
[TimeControl "180+1"]
[Date "2022.05.25"]
[WhiteClock "0:00:02"]
[BlackClock "0:01:23"]

1. e4 c5 2. Nf3 Nc6 3. Nc3 g6 4. d4 cxd4 5. Nxd4 Bg7 6. Be3 Nf6 7. Bc4 O-O 8. Bb3 Re8 9. O-O d6 10. h3 Na5 11. f4 Nxb3 12. axb3 b6 13. e5 dxe5 14. fxe5 Nd5 15. Nc6 Nxe3 16. Nxd8 Nxd1 17. Raxd1 Bf5 18. Nxf7 Bxc2 19. Rd7 Bxb3 20. Nd5 Bxd5 21. Rxd5 Rf8 22. e6 Bxb2 23. Rd7 Bf6 24. g4 g5 25. h4 a5 26. hxg5 Bg7 27. Rxe7 a4 28. Rb7 a3 29. Nh6+ Bxh6 30. gxh6 Rxf1+ 31. Kxf1 a2 32. Rg7+ Kh8 33. Ra7 Rxa7 0-1


[Site "https://www.chess.com"]

[Event "Titled Tuesday Blitz May 24 Late 2022"]
[White "Rychagov, Andrey"]
[Black "Sjugirov, Sanan"]
[WhiteFideId "4119932"]
[BlackFideId "4189302"]
[WhiteElo "2500"]
[BlackElo "2602"]
[Result "0-1"]
[Round "06"]
[TimeControl "180+1"]
[Date "2022.05.24"]
[WhiteClock "0:00:07"]
[BlackClock "0:00:19"]

1. d4 Nf6 2. c4 e6 3. Nf3 c5 4. d5 exd5 5. cxd5 d6 6. Nc3 g6 7. Bg5 Bg7 8. e4 O-O 9. Nd2 Nbd7 10. Be2 h6 11. Bh4 g5 12. Bg3 Ne8 13. h4 Ne5 14. hxg5 hxg5 15. Nc4 Nxc4 16. Bxc4 Nf6 17. Qd2 Ng4 18. O-O-O a6 19. Rh5 b5 20. Be2 b4 21. Nb1 f6 22. e5 fxe5 23. Rxg5 Nxf2 24. Bh4 Ne4 25. Rxg7+ Kxg7 26. Qe1 Qd7 27. Bd3 Nf6 28. Qg3+ Qg4 0-1


[Site "https://www.chess.com"]

[Event "Titled Tuesday Blitz May 24 Late 2022"]
[White "Saim, Mohamed Ilias"]
[Black "Redor, Menandro"]
[WhiteFideId "7900465"]
[BlackFideId "5222010"]
[WhiteElo "2006"]
[BlackElo "1986"]
[Result "1-0"]
[Round "06"]
[TimeControl "180+1"]
[Date "2022.05.25"]
[WhiteClock "0:01:32"]
[BlackClock "0:00:31"]

1. d4 c5 2. d5 d6 3. c4 b5 4. cxb5 a6 5. e4 Nf6 6. Nc3 g6 7. Nf3 Bg7 8. a4 O-O 9. Qc2 axb5 10. Bxb5 Na6 11. O-O Nb4 12. Qd1 Bg4 13. h3 1-0


[Site "https://www.chess.com"]

[Event "Titled Tuesday Blitz May 24 Late 2022"]
[White "Santos Ruiz, Miguel"]
[Black "Terry, Renato"]
[WhiteFideId "22291482"]
[BlackFideId "3803457"]
[WhiteElo "2486"]
[BlackElo "2577"]
[Result "0-1"]
[Round "06"]
[TimeControl "180+1"]
[Date "2022.05.24"]
[WhiteClock "0:00:05"]
[BlackClock "0:00:05"]

1. e4 g6 2. d4 Bg7 3. Be3 c6 4. c3 d5 5. e5 f6 6. f4 Nh6 7. Nf3 Bg4 8. Nbd2 Nf5 9. Bf2 fxe5 10. fxe5 Bh6 11. h3 Bxf3 12. Nxf3 Ne3 13. Qb3 Qb6 14. Qxb6 axb6 15. Ke2 Nc4 16. b3 Na3 17. Kd3 e6 18. Be2 Nd7 19. h4 c5 20. h5 O-O 21. Rh4 gxh5 22. Bd1 c4+ 23. Ke2 Nb5 24. Be1 cxb3 25. Bxb3 Rf5 26. Bc2 Rf7 27. Rxh5 Kg7 28. Bd3 Na3 29. Bd2 Bxd2 30. Rxh7+ Kg8 31. Rxf7 Kxf7 32. Kxd2 b5 33. Ng5+ Ke7 34. Ke2 Nc4 35. Nf3 Ndb6 36. g4 Ra3 37. g5 Na4 38. g6 Nxc3+ 39. Kf2 Ne4+ 40. Bxe4 dxe4 41. Ng5 e3+ 42. Ke2 Ra8 43. Rh1 Rxa2+ 44. Kd3 Ra3+ 45. Ke4 e2 46. g7 Ra8 47. Re1 Rg8 48. Rxe2 Rxg7 49. Nf3 Rg4+ 50. Kd3 Rg3 51. Ke4 Rg4+ 52. Kd3 Kd7 53. Rf2 Rf4 54. Ke2 Kc6 55. Rg2 Re4+ 56. Kf2 Ne3 57. Rg6 Nd1+ 58. Kg2 Kd5 59. Rg7 Ne3+ 60. Kf2 Nd1+ 61. Kg3 Nc3 62. Rd7+ Kc4 63. Rc7+ Kd3 64. Rxb7 Ne2+ 65. Kf2 Nxd4 66. Ng5 Rxe5 67. Nf3 Rf5 68. Ke1 Nxf3+ 69. Kd1 Nd4 70. Rc7 Rf1# 0-1


[Site "https://www.chess.com"]

[Event "Titled Tuesday Blitz May 24 Late 2022"]
[White "Sapunov, Evgeny"]
[Black "Proudian, Armen"]
[WhiteFideId "4126661"]
[BlackFideId "2130734"]
[WhiteElo "2470"]
[BlackElo "2380"]
[Result "1-0"]
[Round "06"]
[TimeControl "180+1"]
[Date "2022.05.24"]
[WhiteClock "0:00:59"]
[BlackClock "0:00:13"]

1. c4 Nf6 2. Nf3 e6 3. Nc3 d5 4. d4 Bb4 5. Qa4+ Nc6 6. Bg5 h6 7. Bxf6 Qxf6 8. e3 O-O 9. Rc1 a6 10. a3 Bxc3+ 11. Rxc3 Ne7 12. cxd5 exd5 13. Qb3 c6 14. Bd3 Rd8 15. O-O b5 16. Qc2 Rd6 17. Ne5 Qe6 18. Rc1 Bb7 19. Be2 f6 20. Bg4 fxe5 21. Bxe6+ Rxe6 22. dxe5 Rxe5 23. Qd2 Re8 24. h3 Nf5 25. Rxc6 Bxc6 26. Rxc6 d4 27. exd4 Rd5 28. Rc5 Rxd4 29. Qc2 Nd6 30. Qg6 1-0


[Site "https://www.chess.com"]

[Event "Titled Tuesday Blitz May 24 Late 2022"]
[White "Semenenko, Dmytry"]
[Black "Moral Garcia, Serafin"]
[WhiteFideId "14118645"]
[BlackFideId "2201925"]
[WhiteElo "2113"]
[BlackElo "2228"]
[Result "1/2-1/2"]
[Round "06"]
[TimeControl "180+1"]
[Date "2022.05.25"]
[WhiteClock "0:00:24"]
[BlackClock "0:00:26"]

1. Nf3 Nf6 2. c4 g6 3. d4 Bg7 4. Nc3 d5 5. Qb3 dxc4 6. Qxc4 O-O 7. e4 Nc6 8. d5 Na5 9. Qa4 c6 10. dxc6 Nxc6 11. Be2 Bg4 12. O-O Qa5 13. Qxa5 Nxa5 14. h3 Bxf3 15. Bxf3 Nd7 16. Bf4 Ne5 17. Be2 e6 18. Rfd1 Rfd8 19. Rxd8+ Rxd8 20. Rd1 Rxd1+ 21. Nxd1 Nac6 22. Nc3 Nd4 23. Bf1 a6 24. Be3 Nec6 25. f4 Kf8 26. e5 Ke8 27. Ne4 Nf5 28. Bf2 b5 29. g4 Nfd4 30. Nd6+ Kf8 31. a4 bxa4 32. Bxa6 f6 33. exf6 Bxf6 34. Ne4 Bg7 35. Nc5 Nb4 36. Nxa4 Nxa6 37. Kg2 Ke7 38. Nb6 Nc6 39. Nc4 Bd4 40. Be1 Nab4 41. Kf3 Nd3 42. Bd2 Nxb2 43. Ne3 Kd6 44. Ke4 Bxe3 45. Bxe3 Nc4 46. Bc1 Nb6 47. Bb2 Ne7 48. Ba3+ Kd7 49. Bc5 Nbd5 50. Bd4 Nc6 51. Bb2 Ke7 52. f5 Nf6+ 53. Kf4 e5+ 54. Kg5 Kf7 55. fxg6+ hxg6 56. Kh6 e4 57. Bc1 Nd4 58. Kg5 Nc2 59. Kf4 Ke6 60. g5 e3 61. gxf6 e2 62. Bd2 Kxf6 63. Bc3+ Ke6 64. Kg5 Kf7 65. h4 e1=Q 66. Bxe1 Nxe1 67. h5 Nf3+ 68. Kg4 Nh2+ 69. Kh3 g5 70. Kxh2 Kg7 71. Kh3 Kh7 72. Kg4 Kh6 73. Kg3 Kxh5 74. Kh3 g4+ 75. Kg3 Kg5 76. Kg2 Kh4 77. Kh2 g3+ 78. Kg2 Kg4 79. Kg1 Kf4 80. Kg2 Kg4 81. Kg1 Kh4 82. Kg2 Kg4 1/2-1/2


[Site "https://www.chess.com"]

[Event "Titled Tuesday Blitz May 24 Late 2022"]
[White "Senthilkumar, Pranav"]
[Black "Dobre, Claudiu-Cristian"]
[WhiteFideId "2083477"]
[BlackFideId "1211854"]
[WhiteElo "2412"]
[BlackElo "2207"]
[Result "1-0"]
[Round "06"]
[TimeControl "180+1"]
[Date "2022.05.25"]
[WhiteClock "0:00:53"]
[BlackClock "0:00:01"]

1. Nf3 d5 2. g3 Nf6 3. Bg2 Bg4 4. O-O e6 5. c4 c6 6. cxd5 cxd5 7. Ne5 Bf5 8. d4 Nc6 9. Nc3 Rc8 10. Qa4 a6 11. Nxc6 Rxc6 12. Bg5 Be7 13. Bxf6 Bxf6 14. e4 b5 15. Nxb5 axb5 16. Qxb5 Qb6 17. Qxb6 Rxb6 18. exf5 Bxd4 19. fxe6 fxe6 20. a4 Bxb2 21. Ra2 Kf7 22. a5 Rbb8 23. f4 g6 24. g4 Bd4+ 25. Kh1 Rb5 26. f5 gxf5 27. gxf5 e5 28. a6 e4 29. Rd1 Be3 30. Bf1 Rc5 31. Rxd5 Rxd5 32. Bc4 Rd8 33. Ra5 Kf6 34. Bxd5 Bb6 35. Rb5 Ba7 36. Bxe4 Rg8 37. Bg2 Rg5 38. Rb7 Bd4 39. a7 Bxa7 40. Rxa7 h5 41. Bh3 Rg8 42. Ra6+ Ke5 43. Rg6 Rb8 44. Rg5 Kf4 45. Rxh5 Kf3 46. Bg2+ Kf2 47. h4 Rg8 48. Rg5 Rh8 49. Rg4 Rh5 50. f6 Rf5 51. Rg6 Rh5 52. Bh3 Rxh4 53. Kh2 Rf4 54. Rh6 Rf3 55. Be6 Rf4 56. f7 1-0


[Site "https://www.chess.com"]

[Event "Titled Tuesday Blitz May 24 Late 2022"]
[White "Shapiro, Daniel"]
[Black "Lutz, Igor Oscar"]
[WhiteFideId "2001780"]
[BlackFideId "2110806"]
[WhiteElo "2262"]
[BlackElo "1740"]
[Result "1-0"]
[Round "06"]
[TimeControl "180+1"]
[Date "2022.05.25"]
[WhiteClock "0:00:58"]
[BlackClock "0:00:07"]

1. d4 d5 2. c4 c6 3. Nf3 Nf6 4. Qb3 e6 5. Nc3 Be7 6. Bg5 Nbd7 7. e3 h6 8. Bh4 O-O 9. Bd3 dxc4 10. Bxc4 b5 11. Be2 Bb7 12. O-O a6 13. Ne5 c5 14. Rad1 Nd5 15. Bxe7 Qxe7 16. Nxd7 Qxd7 17. dxc5 Qc6 18. Bf3 Qxc5 19. Nxd5 exd5 20. Bxd5 Bxd5 21. Rxd5 Qc6 22. Rfd1 Rac8 23. g3 Qc2 24. Qxc2 Rxc2 25. R1d2 Rfc8 26. Kf1 Kf8 27. Ke2 Ke7 28. Rxc2 Rxc2+ 29. Rd2 Rc4 30. Kd3 Ke6 31. Rc2 Rg4 32. Rc6+ Ke5 33. Rxa6 Rb4 34. b3 Rg4 35. Rb6 b4 36. f3 Rg6 37. Rb5+ 1-0


[Site "https://www.chess.com"]

[Event "Titled Tuesday Blitz May 24 Late 2022"]
[White "Shirov, Alexei"]
[Black "Griffith, Kyron"]
[WhiteFideId "2209390"]
[BlackFideId "2046318"]
[WhiteElo "2678"]
[BlackElo "2232"]
[Result "0-1"]
[Round "06"]
[TimeControl "180+1"]
[Date "2022.05.24"]
[WhiteClock "0:00:08"]
[BlackClock "0:00:06"]

1. e4 c6 2. d4 d5 3. e5 Bf5 4. h4 h6 5. g4 Be4 6. f3 Bh7 7. e6 Qd6 8. exf7+ Kxf7 9. Ne2 Nd7 10. Bf4 e5 11. dxe5 Nxe5 12. Bg2 Re8 13. O-O g5 14. hxg5 hxg5 15. Bg3 Qc5+ 16. Bf2 Qxc2 17. Qxc2 Bxc2 18. Nd4 Bg6 19. Nc3 Nf6 20. Rfd1 Nd3 21. Nf5 Bxf5 22. gxf5 Nxf2 23. Kxf2 Bc5+ 24. Kf1 Re5 25. Rac1 Be3 26. Rc2 Rxf5 27. Re1 Bb6 28. Rce2 Re8 29. Rxe8 Nxe8 30. Ne2 Nd6 31. Ng3 Rf6 32. b3 Re6 33. Rd1 Nb5 34. Bh3 Re3 35. Bg4 Rc3 36. Rd2 Rc1+ 37. Kg2 Nd4 38. Nf5 Rc2 39. Nd6+ Kf6 40. Rxc2 Nxc2 41. Nxb7 Ke7 42. Kh3 Nb4 43. a4 a5 44. Bf5 d4 45. Kg2 d3 46. Kf1 Kf6 47. Be4 Ke5 48. Ke1 Kd4 49. Kd1 Kc3 50. Nd6 Kxb3 51. Bf5 Kxa4 52. Nc4 Bc7 53. Nb2+ Kb3 54. Nxd3 Nxd3 55. Bxd3 a4 56. Bc2+ Kb4 57. Bb1 Kc3 58. Be4 Kb2 59. Bxc6 a3 60. Bd5 a2 61. Bxa2 Kxa2 62. Kc2 Bf4 0-1


[Site "https://www.chess.com"]

[Event "Titled Tuesday Blitz May 24 Late 2022"]
[White "Shuvalova, Polina"]
[Black "Avramidou, Anastasia"]
[WhiteFideId "24171760"]
[BlackFideId "4239873"]
[WhiteElo "2355"]
[BlackElo "2183"]
[Result "0-1"]
[Round "06"]
[TimeControl "180+1"]
[Date "2022.05.25"]
[WhiteClock "0:01:16"]
[BlackClock "0:01:32"]

1. e4 c6 2. d4 d5 3. f3 dxe4 4. fxe4 e5 5. Nf3 exd4 6. Bc4 Nf6 7. O-O Bc5 8. Ng5 O-O 9. Nxf7 Qe7 10. Ng5+ Kh8 11. e5 Nd5 12. Qh5 d3+ 13. Rf2 g6 14. Qd1 Rxf2 0-1


[Site "https://www.chess.com"]

[Event "Titled Tuesday Blitz May 24 Late 2022"]
[White "Sibilio, Mario"]
[Black "Winkels, Marcel"]
[WhiteFideId "800422"]
[BlackFideId "1003887"]
[WhiteElo "2296"]
[BlackElo "1900"]
[Result "1-0"]
[Round "06"]
[TimeControl "180+1"]
[Date "2022.05.25"]
[WhiteClock "0:01:37"]
[BlackClock "0:01:51"]

1. Nf3 Nf6 2. c4 c6 3. Nc3 d5 4. d4 a6 5. Qb3 Ra7 6. Bg5 e6 7. e3 Be7 8. Be2 b5 9. cxd5 cxd5 10. Bxf6 Bxf6 11. a4 bxa4 12. Qxb8 Rb7 13. Qg3 Rxb2 14. O-O Qa5 15. Rfc1 O-O 16. Rxa4 Qc7 17. Qxc7 1-0


[Site "https://www.chess.com"]

[Event "Titled Tuesday Blitz May 24 Late 2022"]
[White "Silva, Pedro Gil Ferreira Da"]
[Black "Nazaretyan, Tigran"]
[WhiteFideId "1946102"]
[BlackFideId "24162345"]
[WhiteElo "1863"]
[BlackElo "2225"]
[Result "0-1"]
[Round "06"]
[TimeControl "180+1"]
[Date "2022.05.25"]
[WhiteClock "0:02:21"]
[BlackClock "0:01:38"]

1. e4 c5 2. Nf3 Nc6 3. Bb5 g6 4. c3 Nf6 5. O-O Nxe4 6. d4 cxd4 7. cxd4 d5 8. Ne5 Bd7 9. Bxc6 Bxc6 10. Qf3 f6 11. Nxc6 bxc6 12. Nd2 f5 13. Qb3 Qb6 14. Qa4 Bg7 15. Nb3 O-O 16. Bf4 Qb5 17. Qa3 Rfe8 18. Rac1 a5 19. Rfd1 Bf8 20. Nc5 e5 21. Be3 f4 22. Bd2 exd4 0-1


[Site "https://www.chess.com"]

[Event "Titled Tuesday Blitz May 24 Late 2022"]
[White "Sirosh, Ilja"]
[Black "Mekhitarian, Krikor Sevag"]
[WhiteFideId "4500458"]
[BlackFideId "2107660"]
[WhiteElo "2241"]
[BlackElo "2598"]
[Result "0-1"]
[Round "06"]
[TimeControl "180+1"]
[Date "2022.05.24"]
[WhiteClock "0:00:04"]
[BlackClock "0:00:29"]

1. e4 e5 2. Nf3 Nf6 3. Nc3 Nc6 4. h3 g6 5. Bc4 Bg7 6. d3 O-O 7. O-O d6 8. a4 h6 9. Be3 Kh7 10. Qd2 Nh5 11. g4 Nf4 12. Bxf4 exf4 13. Qxf4 Ne5 14. Nxe5 dxe5 15. Qe3 c6 16. Ne2 Qe7 17. c3 Bd7 18. Rae1 a6 19. a5 Rae8 20. b4 Bf6 21. f4 exf4 22. Qxf4 Bg5 23. Qg3 Bh4 24. Qc7 Bxe1 25. Rxe1 Be6 26. Qxe7 Rxe7 27. Bxe6 Rxe6 28. Nd4 Rd6 29. e5 Rd5 30. e6 Re8 31. exf7 Rxe1+ 32. Kf2 Kg7 33. Kxe1 Kxf7 34. Ke2 c5 35. Nc2 cxb4 36. cxb4 Ke6 37. d4 Rd8 38. Kd3 Rf8 39. Ke4 g5 40. Ne3 Rf4+ 41. Kd3 Rf3 42. Ke4 Rf4+ 43. Kd3 h5 44. Kc4 h4 45. Kc5 Rf3 46. d5+ Kd7 47. Nc4 Rxh3 48. Ne5+ Kc8 49. d6 Re3 50. Nc4 Rc3 0-1


[Site "https://www.chess.com"]

[Event "Titled Tuesday Blitz May 24 Late 2022"]
[White "Skliarov, Viktor"]
[Black "Ronka, Erik"]
[WhiteFideId "14106736"]
[BlackFideId "505080"]
[WhiteElo "2664"]
[BlackElo "2494"]
[Result "1-0"]
[Round "06"]
[TimeControl "180+1"]
[Date "2022.05.25"]
[WhiteClock "0:00:17"]
[BlackClock "0:00:04"]

1. e4 c5 2. Nf3 e6 3. c3 Nf6 4. Bd3 Qc7 5. O-O c4 6. Bc2 Bc5 7. d4 cxd3 8. Qxd3 d6 9. Rd1 Ng4 10. Rd2 Nc6 11. b4 Bb6 12. h3 Nge5 13. Qxd6 Nxf3+ 14. gxf3 Qxd6 15. Rxd6 e5 16. Kg2 Be6 17. Be3 Bc7 18. Rd2 O-O 19. Na3 a6 20. Bb3 Rfe8 21. Rad1 Rac8 22. Nc4 f6 23. Nd6 Bxd6 24. Rxd6 Kf7 25. Rxe6 Rxe6 26. Rd7+ Ne7 27. Bc5 Re8 28. Rxb7 g6 29. a4 f5 30. b5 Kf6 31. Bxe6 axb5 32. Bd7 Rd8 33. Bxe7+ Kxe7 34. Bxb5+ Kf6 35. a5 Kg5 36. a6 Kf4 37. a7 fxe4 38. fxe4 g5 39. Rf7+ Kxe4 40. Bc6+ Rd5 41. Bxd5+ Kxd5 42. a8=Q+ Kc5 43. Rc7+ 1-0


[Site "https://www.chess.com"]

[Event "Titled Tuesday Blitz May 24 Late 2022"]
[White "Skytte, Rasmus"]
[Black "Petrovic, Aleksa"]
[WhiteFideId "1404210"]
[BlackFideId "967629"]
[WhiteElo "2430"]
[BlackElo "2144"]
[Result "1-0"]
[Round "06"]
[TimeControl "180+1"]
[Date "2022.05.25"]
[WhiteClock "0:00:10"]
[BlackClock "0:00:02"]

1. d4 Nf6 2. c4 e6 3. Nc3 Bb4 4. Nf3 c5 5. g3 Nc6 6. Bg2 Ne4 7. Bd2 Nxd2 8. Qxd2 cxd4 9. Nxd4 a6 10. O-O O-O 11. a3 Be7 12. Rfd1 Qc7 13. Rac1 Ne5 14. Qf4 d6 15. Ne4 Bd7 16. b4 Rac8 17. c5 d5 18. Nc3 Nc4 19. Qxc7 Rxc7 20. a4 Nb2 21. Rd2 Nxa4 22. Nxa4 Bxa4 23. e4 e5 24. exd5 exd4 25. Rxd4 Rd8 26. d6 Rxd6 27. Rxd6 Bxd6 28. Ra1 Bxc5 29. Rxa4 Bf8 30. b5 axb5 31. Ra7 Rc1+ 32. Bf1 b4 33. Rxb7 Rb1 34. Kg2 b3 35. Bc4 b2 36. Bxf7+ Kh8 37. Ba2 Ra1 38. Rxb2 g6 39. Bd5 Kg7 40. Rb7+ Kh6 41. Bg8 Bg7 42. h4 Re1 43. Rb5 Re5 44. Rb4 g5 45. Rb6+ Kh5 46. Bf7+ Kg4 47. f3+ Kf5 48. g4+ Kf4 49. Rb4+ Ke3 50. hxg5 Rxg5 51. Re4+ Kd3 52. Be6 h5 53. Bf5 h4 54. Kh3 Kd2 55. Re6 Bd4 56. Kxh4 Rg8 57. Rd6 Rh8+ 58. Kg3 Ke3 59. Re6+ Kd2 60. Kf4 Kc3 61. Ke4 Rb8 62. g5 Rb4 63. Rc6+ Bc5+ 64. Kd5 Rd4+ 65. Kxc5 Rf4 66. Kd6+ Kd4 67. Be4 Rh4 68. g6 Rh6 69. Ke6 Ke3 70. Kf6 Kf4 71. Kf7 Kg5 72. Rc5+ Kf4 73. g7 1-0


[Site "https://www.chess.com"]

[Event "Titled Tuesday Blitz May 24 Late 2022"]
[White "Steinberg, Nitzan"]
[Black "Diaz Rosas, Julio Cesar"]
[WhiteFideId "2801795"]
[BlackFideId "5105099"]
[WhiteElo "2471"]
[BlackElo "2278"]
[Result "1-0"]
[Round "06"]
[TimeControl "180+1"]
[Date "2022.05.24"]
[WhiteClock "0:01:33"]
[BlackClock "0:01:06"]

1. e4 e5 2. Nf3 Nc6 3. Bb5 a6 4. Ba4 Nf6 5. O-O Nxe4 6. d4 b5 7. Bb3 d5 8. dxe5 Be6 9. c3 Be7 10. Bc2 O-O 11. h3 f5 12. a4 Qd7 13. Nbd2 Bc5 14. Nb3 Bb6 15. a5 Ba7 16. Qe2 f4 17. Nbd4 Nxd4 18. cxd4 Bf5 19. Bxf4 Bxh3 20. Bxe4 dxe4 21. Qxe4 Qg4 22. Ng5 Rxf4 23. Qxa8+ 1-0


[Site "https://www.chess.com"]

[Event "Titled Tuesday Blitz May 24 Late 2022"]
[White "Stojanovski, Sandi"]
[Black "Wachinger, Nikolas"]
[WhiteFideId "1403249"]
[BlackFideId "12962791"]
[WhiteElo "2354"]
[BlackElo "2227"]
[Result "0-1"]
[Round "06"]
[TimeControl "180+1"]
[Date "2022.05.25"]
[WhiteClock "0:00:01"]
[BlackClock "0:00:02"]

1. d3 d5 2. Nf3 Nf6 3. g3 g6 4. Bg2 Bg7 5. O-O O-O 6. c4 d4 7. b4 c5 8. bxc5 Nc6 9. Nbd2 e5 10. Nb3 Re8 11. Bg5 Qc7 12. Nfd2 Bf5 13. Bxf6 Bxf6 14. Ne4 Be7 15. Qc1 a5 16. a4 Nb4 17. Qh6 Bxe4 18. Bxe4 Bxc5 19. Nxc5 Qxc5 20. Bxb7 Rab8 21. Bf3 Rb6 22. h4 Rf6 23. Qg5 Rf5 24. Qd2 Kg7 25. h5 Qe7 26. h6+ Kg8 27. Be4 Rh5 28. Kg2 f5 29. Bf3 Rg5 30. Bd5+ Kh8 31. Rab1 f4 32. Rh1 Rf8 33. Rh3 Qf6 34. f3 Rxg3+ 35. Rxg3 fxg3 36. Kxg3 g5 37. Rh1 Qg6 38. Be4 Qf6 39. Kg2 Rg8 40. Rh3 g4 41. Rg3 gxf3+ 42. Bxf3 Rxg3+ 43. Kxg3 Qg6+ 44. Kf2 Qf6 45. Qc1 Qh4+ 46. Kg2 Na6 47. Be4 Nc5 48. Qb2 Qg4+ 49. Kf2 Qf4+ 50. Bf3 Qxh6 0-1


[Site "https://www.chess.com"]

[Event "Titled Tuesday Blitz May 24 Late 2022"]
[White "Taboas Rodriguez, Daniel"]
[Black "Escudero Donoso, Felipe"]
[WhiteFideId "2208466"]
[BlackFideId "3410595"]
[WhiteElo "2429"]
[BlackElo "2184"]
[Result "1-0"]
[Round "06"]
[TimeControl "180+1"]
[Date "2022.05.25"]
[WhiteClock "0:01:40"]
[BlackClock "0:01:08"]

1. d4 Nf6 2. Nf3 d5 3. c4 e6 4. Bg5 dxc4 5. Nc3 c6 6. a4 Bb4 7. e4 Qa5 8. Bd2 c5 9. Bxc4 cxd4 10. Nxd4 Qc5 11. Bb5+ Bd7 12. Nb3 Qc7 13. O-O Nc6 14. Rc1 O-O 15. Nd5 exd5 16. Bxb4 Ng4 17. g3 dxe4 18. Bd6 Qb6 19. Bxf8 Rxf8 20. Qxd7 e3 21. Qxg4 exf2+ 22. Rxf2 Ne5 23. Qd4 Qe6 24. Nc5 1-0


[Site "https://www.chess.com"]